 Dungeon Crawl Stone Soup version 0.32-a0-779-g362cfcae2a (webtiles) character file.

Game seed: 9385165836003579365

1402 ezpacito the Trooper (level 8, 0/62 HPs)
             Began as a Coglin Chaos Knight on Mar 20, 2024.
             Was a Plaything of Xom.
             Incinerated by a bombardier beetle (4 damage)
             ... with a burning spray
             ... on level 6 of the Dungeon.
             The game lasted 00:06:03 (4462 turns).

ezpacito the Trooper (Coglin Chaos Knight)          Turns: 4462, Time: 00:06:03

Health: 0/62       AC: 12    Str: 14      XL:     8   Next: 69%
Magic:  11/11      EV: 10    Int: 12 (13) God:    Xom [....*.]
Gold:   326        SH:  0    Dex: 12 (13) Spells: 11/11 levels left

rFire   . . .        a - +0 hand axe (chaos) {Heine}
rCold   + . .        v - +3 trident {Ntombi}
rNeg    . . .        i - +1 ring mail {rPois}
rPois   +            (no helmet)
rElec   .            (no cloak)
rCorr   .            (no gloves)
SInv    .            l - +2 pair of boots
Will    +....        (amulet unavailable)
Stlth   +            (ring unavailable)
HPRegen 0.30/turn    (ring unavailable)
MPRegen 0.12/turn    (no gizmo)

%: no passive effects
@: on fire, glowing, studying Maces & Flails, revving
A: off-hand wielding, slow wielding, warmup strikes, no jewellery, iridescent
scales 1, cold resistance 1, strong-willed 1, passive freeze, sense surroundings
1, wild magic 1, evolution 2
a: Invent Gizmo, Renounce Religion


You were on level 6 of the Dungeon.
You worshipped Xom.
You were a beloved toy of Xom.
You visited 2 branches of the dungeon, and saw 7 of its levels.

You collected 326 gold pieces.

Inventory:

Hand Weapons
 a - a +0 hand axe of chaos (weapon) {Heine}
 v - a +3 trident (offhand) {Ntombi}
 w - a +1 heavy hand axe
Missiles
 f - a throwing net
 o - 4 poisoned darts
 p - 6 javelins (quivered)
 u - 2 curare-tipped darts
Armour
 i - a +1 ring mail of poison resistance (worn)
 l - a +2 pair of boots (worn)
Magical Staves
 b - a staff of conjuration
Wands
 c - a wand of polymorph (12)
Scrolls
 g - a scroll of amnesia
 t - 3 scrolls of teleportation
Potions
 d - a potion of lignification
 e - 2 potions of brilliance
 h - a potion of haste
 k - 2 potions of attraction
 m - a potion of enlightenment
 n - 2 potions of resistance


   Skills:
 * Level 5.2 Fighting
 * Level 5.1(5.7) Axes
 + Level 2.3(3.8) Maces & Flails
 + Level 2.3(3.8) Polearms
 * Level 4.2 Armour
 * Level 3.8 Dodging
 + Level 2.2 Stealth
 + Level 2.1 Spellcasting
 + Level 3.0 Evocations


You had 11 spell levels left.
You didn't know any spells.
Your spell library contained the following spells:

 Spells                   Type           Power      Damage    Failure   Level
 Blink                    Tloc           2%         N/A       69%         2
 Lesser Beckoning         Tloc           2%         N/A       69%         2
 Momentum Strike          Conj/Tloc      2%         3d8       69%         2


Dungeon Overview and Level Annotations

Branches:
Dungeon (6/15)             Temple (1/1) D:5

Altars:
Cheibriados
Dithmenos
Elyvilon
Fedhas
Gozag
Hepliaklqana
Kikubaaqudgha
Makhleb
Okawaru
Qazlal
Ru
Trog
Uskayaw
Vehumet
Xom
Zin
The Shining One


Innate Abilities, Weirdness & Mutations

You can wield a second weapon in your off-hand.
It takes a long time for you to wield or remove held weapons.
Your first few attacks do less damage.
You cannot equip rings or amulets.
You are partially covered in iridescent scales. (AC +2)
Your flesh is cold resistant. (rC+)
You are strong-willed. (Will+)
A frigid envelope surrounds you and freezes all who hurt you.
You passively map a small area around you.
Your spells are a little harder to cast, but a little more powerful.
You have great hidden genetic potential.


Message History

The liquid fire burns you!
You take 6 damage, and have 23/55 hp.
You closely miss the bombardier beetle with your +3 trident.
The bombardier beetle is heavily wounded.
You hit the bombardier beetle but do no damage.
The liquid fire burns you!
* * * LOW HITPOINT WARNING * * *
The bombardier beetle bites you.
* * * LOW HITPOINT WARNING * * *
The bombardier beetle is very cold.
The bombardier beetle is heavily wounded.
You take 13 damage, and have 10/55 hp.
MASSIVE DAMAGE!!
You shake off some of the fire as you move.
The liquid fire burns you!
* * * LOW HITPOINT WARNING * * *
You take 3 damage, and have 7/55 hp.
You shake off some of the fire as you move.
The liquid fire burns you!
* * * LOW HITPOINT WARNING * * *
You take 6 damage, and have 1/55 hp.
You feel better. The liquid fire burns you!
* * * LOW HITPOINT WARNING * * *
The bombardier beetle sprays incendiary fluid at you.
The burning spray hits you.
You are even more covered in liquid fire!
You regained 4 hp, and now have 5/55 hp.
Okay, then.
Okay, then.
Okay, then.
It was a potion of mutation.
You feel extremely strange.
You feel robust.
You no longer feel vulnerable to heat.
You feel less resistant to poisons.
You feel a strange attunement to the structure of the dungeons.
The liquid fire burns you!
* * * LOW HITPOINT WARNING * * *
You take 1 damage, and have 4/62 hp.
You shake off some of the fire as you move.
The liquid fire burns you!
You die...

### ,,,#.# #=. *
#.### #.#** , #.#..
#.# #.#.# #.# #.#.#
#B# #.#.# #.# #.#.#
#.# , #.#.#
###@#########.#.####
#..........##.......
##########.####.####
#.# #.# #.# #.# #.#
#.# #.# #.# #.# #.#
#.# #.#


You could see a bombardier beetle.

Vanquished Creatures
  The ghost of Shen the Cudgeller, a novice MiFi of Xom (D:5)
  A black bear (D:5)
  A hornet zombie (D:5)
  A phantom (D:4)
  3 scorpions
  A bullfrog zombie (D:5)
  A jelly (D:5)
  2 hounds (D:5)
  2 sleepcaps (D:5)
  Natasha (D:2)
  5 iguanas
  Terence (D:2)
  2 orc wizards
  8 adders
  2 ufetubi (D:5)
  2 dart slugs
  2 ribbon worms (D:2)
  9 orcs
  6 ball pythons
  5 bats
  4 endoplasms
  A giant cockroach (D:4)
  5 goblins
  7 hobgoblins
  7 jackals
  9 quokkas
  A frilled lizard (D:2)
  6 kobolds
  5 rats
101 creatures vanquished.

Vanquished Creatures (collateral kills)
  Natasha (twice) (D:2)
  An orc (D:4)
  A ball python (D:2)
4 creatures vanquished.

Vanquished Creatures (others)
  A human (D:4)
1 creature vanquished.

Grand Total: 106 creatures vanquished

Notes
Turn   | Place    | Note
-------+----------+-------------------------------------------
     0 | D:1      | ezpacito the Coglin Chaos Knight began the quest for the
                  | Orb.
     0 | D:1      | Reached XP level 1. HP: 18/18 MP: 1/1
   110 | D:1      | XOM: potion effect (haste)
   115 | D:1      | Reached skill level 1 in Dodging
   252 | D:1      | Reached XP level 2. HP: 23/24 MP: 2/2
   333 | D:1      | XOM: cloud trail
   457 | D:1      | XOM is BORED!
   457 | D:1      | XOM: give mutations
   457 | D:1      | Gained mutation: You are frail. (-10% HP) [Xom's mischief]
   457 | D:1      | Gained mutation: You are vulnerable to heat. (rF-) [Xom's
                  | mischief]
   457 | D:1      | Gained mutation: Your system is resistant to poisons.
                  | (rPois) [Xom's mischief]
   651 | D:2      | XOM: enchant monster (good)
   656 | D:2      | Reached XP level 3. HP: 26/26 MP: 3/3
  1076 | D:2      | Noticed Terence
  1077 | D:2      | Noticed Natasha
  1079 | D:2      | XOM: enchant monster (good)
  1088 | D:2      | XOM: fake destruction
  1156 | D:2      | XOM: summons 2 friendly demons
  1158 | D:2      | XOM: butterfly on damage
  1159 | D:2      | Killed Natasha
  1160 | D:2      | Reached skill level 1 in Polearms
  1160 | D:2      | Reached XP level 4. HP: 24/31 MP: 4/4
  1174 | D:2      | Killed Terence
  1199 | D:2      | XOM: give mutations
  1199 | D:2      | Gained mutation: You are strong-willed. (Will+) [Xom's
                  | grace]
  1199 | D:2      | Gained mutation: Your flesh is cold resistant. (rC+) [Xom's
                  | grace]
  1199 | D:2      | Gained mutation: Your spells are a little harder to cast,
                  | but a little more powerful. [Xom's grace]
  1255 | D:2      | Noticed Natasha
  1257 | D:2      | XOM: summons 4 friendly demons
  1262 | D:2      | Killed Natasha
  1263 | D:2      | Reached XP level 5. HP: 19/36 MP: 4/6
  1331 | D:2      | XOM: scenery: summon butterflies
  1360 | D:2      | Noticed Natasha
  1368 | D:2      | Killed Natasha
  1656 | D:3      | Found a white marble altar of Elyvilon.
  1767 | D:3      | Found a hide-covered altar of Uskayaw.
  1778 | D:3      | Reached skill level 1 in Spellcasting
  2047 | D:4      | XOM: stealth player
  2064 | D:4      | Reached skill level 1 in Stealth
  2077 | D:4      | Reached skill level 1 in Evocations
  2077 | D:4      | Reached XP level 6. HP: 34/43 MP: 7/7
  2156 | D:4      | XOM: cleaving
  2158 | D:4      | Found a shimmering altar of Xom.
  2273 | D:4      | XOM: summons friendly ufetubus
  2338 | D:4      | XOM: cleaving
  2351 | D:4      | Reached XP level 7. HP: 44/48 MP: 9/9
  2367 | D:4      | XOM: give mutations
  2367 | D:4      | Gained mutation: You have hidden genetic potential. [Xom's
                  | grace]
  2367 | D:4      | Gained mutation: You are partially covered in iridescent
                  | scales. (AC +2) [Xom's grace]
  2367 | D:4      | Gained mutation: You have great hidden genetic potential.
                  | [Xom's grace]
  2415 | D:4      | Found an ancient bone altar of Kikubaaqudgha.
  2416 | D:4      | Noticed a human
  2418 | D:4      | Killed a human
  2484 | D:4      | XOM: 1-stop teleportation journey
  2927 | D:4      | XOM: god gift: shiny marble ring {god gift}
  2953 | D:5      | Entered Level 5 of the Dungeon
  2953 | D:5      | Found a staircase to the Ecumenical Temple.
  2978 | Temple   | Entered the Ecumenical Temple
  3041 | D:5      | HP: 1/48 [acid (10)]
  3244 | D:5      | XOM: silly message
  3340 | D:5      | Found a transporter.
  3344 | D:5      | Found a transporter.
  3371 | D:5      | Noticed Shen's ghost (novice MiFi)
  3494 | D:5      | Reached skill level 1 in Maces & Flails
  3657 | D:5      | Found an opulent altar of Gozag.
  3923 | D:5      | Reached XP level 8. HP: 6/54 MP: 10/10
  3930 | D:5      | Gained mutation: A frigid envelope surrounds you and
                  | freezes all who hurt you. [hidden potential]
  3947 | D:5      | Killed Shen's ghost
  3948 | D:5      | Reached skill level 5 in Fighting
  3948 | D:5      | Reached skill level 5 in Axes
  4147 | D:6      | XOM: polymorph centaur -> rat
  4191 | D:6      | XOM: god gift: 15 gold pieces
  4250 | D:6      | Found a sacrificial altar of Ru.
  4459 | D:6      | HP: 1/55 [burnt (6)]
  4461 | D:6      | Lost mutation: You are frail. (-10% HP) [potion of
                  | mutation]
  4461 | D:6      | Lost mutation: You are vulnerable to heat. (rF-) [potion of
                  | mutation]
  4461 | D:6      | Lost mutation: Your system is resistant to poisons. (rPois)
                  | [potion of mutation]
  4461 | D:6      | Gained mutation: You passively map a small area around you.
                  | [potion of mutation]
  4462 | D:6      | Incinerated by a bombardier beetle

Illustrated notes

Levels and vault maps discovered:
D:1:      dpeg_arrival_refuge, layout_basic, minmay_indecisive_spiral
D:2:      layout_rooms, uniq_terence, uniq_natasha
D:3:      layout_rooms, nicolae_uskayaw_dance_hall, mainiacjoe_overflow_24_doors
D:4:      layout_cave_pools, mainiacjoe_overflow_catwalk, tgw_kikubaaqudgha,
          minivault_27, grunt_decor_junction, minmay_hedge_maze,
          minmay_manual_mess
D:5:      layout_loops_cross, nicolae_gozag_cash_rules_everything_around_me,
          minmay_temple_entry_statues_pillars, gammafunk_ghost_mausoleum
D:6:      layout_basic, nicolae_ru_path_of_blood
Temple:   grunt_temple_mini_profane

Skill      XL: |  1  2  3  4  5  6  7  8 |
---------------+-------------------------+-----
Dodging        | 1 2 3 |  3.8
Armour         | 2 3 4 |  4.2
Polearms       | 1 2 |  2.3
Spellcasting   | 1 2 |  2.1
Stealth        | 1 2 |  2.2
Evocations     | 1 2 3 |  3.0
Axes           | 4 5 |  5.1
Fighting       | 4 5 |  5.2
Maces & Flails | 1 2 |  2.3

Action                     |  1- 3 |  4- 6 |  7- 9 || total
---------------------------+-------+-------+-------++-------
  Melee: Hand axe          |    77 |    94 |   104 ||   275
         Dagger            |    55 |       |       ||    55
         Trident           |    19 |   106 |   133 ||   258
         Unarmed           |    12 |    13 |       ||    25
  Throw: Dart              |       |       |     6 ||     6
         Javelin           |       |       |     6 ||     6
    Use: Scroll            |     2 |     5 |     5 ||    12
         Potion            |       |     1 |    11 ||    12
   Stab: Sleeping          |     2 |       |     1 ||     3
         Petrified         |    16 |       |       ||    16
         Petrifying        |     1 |       |       ||     1
         Distracted        |       |     2 |       ||     2
         Confused          |       |       |     3 ||     3
 Armour: Leather armour    |    36 |       |       ||    36
         Skin              |     6 |     5 |    30 ||    41
         Chain mail        |       |    86 |     4 ||    90
         Ring mail         |       |       |    91 ||    91
  Dodge: Dodged            |    62 |    50 |    60 ||   172

Table legend: (Time is in decaauts)
 A = Elapsed time spent in this place.
 B = Non-inter-level travel time spent in this place.
 C = Inter-level travel time spent in this place.
 D = Time resting spent in this place.
 E = Time spent auto-exploring this place.
 F = Levels seen in this place.
 G = Mean time per level.
                   A        B        C        D        E       F      G
               +--------+--------+--------+--------+--------+-----+--------+
         Total |   4477 |   4319 |    158 |    461 |   2998 |   7 |  639.6 |
       Dungeon |   4427 |   4270 |    157 |    461 |   2950 |   6 |  737.8 |
        Temple |     49 |     49 |      0 |      0 |     48 |   1 |   49.0 |
               +--------+--------+--------+--------+--------+-----+--------+

Top non-repeatable levels by time:
     D:5: 1096 daAuts
     D:4: 916 daAuts
     D:2: 748 daAuts
     D:3: 680 daAuts
     D:1: 629 daAuts
     D:6: 357 daAuts
  Temple: 49 daAuts
